 Dungeon Crawl Stone Soup version 0.28-a0-697-g47f3eba078 (webtiles) character file.

Game seed: 17372039319569585710

112 R007833r the Conjurer (level 4, 0/27 HPs)
             Began as an Octopode Conjurer on Oct 23, 2021.
             Was an Initiate of Gozag.
             Slain by an orc (4 damage)
             ... on level 2 of the Dungeon.
             The game lasted 00:05:25 (3924 turns).

R007833r the Conjurer (Octopode Conjurer)           Turns: 3924, Time: 00:05:26

Health: 0/27       AC:  1    Str:  6    XL:     4   Next: 95%
Magic:  7/7        EV: 13    Int: 20    God:    Gozag
Gold:   268        SH:  0    Dex: 11    Spells: 7/8 levels left

rFire   . . .      SeeInvis .   (no weapon)
rCold   . . .      Faith    .   (no shield)
rNeg    . . .      Spirit   .   (helmet restricted)
rPois   .          Reflect  .   (no amulet)
rElec   .          Harm     .   (no ring)
rCorr   .          Rampage  .   (no ring)
Will    .....                   (no ring)
Stlth   +++.......              (no ring)
HPRegen 0.09/turn               (no ring)
MPRegen 0.10/turn               (no ring)
                                (no ring)
                                (no ring)

@: lethally poisoned (0 -> -7)
A: almost no armour, amphibious, 8 rings, camouflage 1, gelatinous body 1,
(nimble swimmer 1), tentacles
a: Renounce Religion, Potion Petition, Call Merchant, Bribe Branch


You were on level 2 of the Dungeon.
You worshipped Gozag.
Gozag was aware of your devotion.
You visited 1 branch of the dungeon, and saw 3 of its levels.

You collected 268 gold pieces.

Inventory:

Wands
 u - a wand of paralysis (5)
   (You found it on level 2 of the Dungeon)
Scrolls
 b - a scroll of immolation {unknown}
 c - a scroll of silence {unknown}
 f - a scroll of identify {unknown}
Potions
 a - a potion of heal wounds {unknown}
 d - a potion of lignification {unknown}
 e - a potion of curing {unknown}


   Skills:
 + Level 2.7 Dodging
 + Level 3.9 Stealth
 + Level 2.6 Spellcasting
 * Level 4.9 Conjurations


You had 7 spell levels left.
You knew the following spells:

 Your Spells              Type           Power      Damage    Failure   Level
a - Magic Dart            Conj           88%        1d7       1%          1

Your spell library contained the following spells:

 Spells                   Type           Power      Damage    Failure   Level
 Searing Ray              Conj           44%        2d6       3%          2
 Dazzling Flash           Conj/Hex       24%        N/A       16%         3
 Fulminant Prism          Conj/Hex       6%         3d7       47%         4
 Iskenderun's Mystic Bla  Conj/Tloc      12%        2d5       47%         4


Dungeon Overview and Level Annotations

Branches:
Dungeon (3/15)

Altars:
Gozag
Trog

Annotations:
D:2 Sigmund


Innate Abilities, Weirdness & Mutations

You cannot wear most types of armour.
You are amphibious.
You can wear up to eight rings at the same time.
Your skin changes colour to match your surroundings (Stealth+).
Your rubbery body absorbs attacks. (AC +1, EV +1)
((You are camouflaged near water. (Stealth+)))
You have tentacles for arms and can constrict up to eight enemies at once.


Message History

The orc shouts!
You hear a shout!
Aim: an orc, wielding a +0 club and wearing a +0 leather armour (100% to hit)
The magic dart hits the orc.
Aim: an orc, wielding a +0 club and wearing a +0 leather armour (lightly wounded, 100% to hit)
The magic dart hits the orc.
There is a stone staircase leading up here.
An orc comes into view. It is wielding a +1 whip of venom.
You closely miss the orc. You grab the orc.
You constrict the orc, but do no damage.
An orc comes into view. It is wielding a +0 dagger.
The orc completely misses you.
You barely miss the orc. You squeeze the orc.
You kill the orc!
Aim: an orc, wielding a +1 whip of venom and wearing a +0 leather armour (100% to hit)
Okay, then.
You climb upwards.
Level annotation: Sigmund
There is a stone staircase leading down here.
You start resting.
You climb downwards.
The orc barely misses you. x2
The orc hits you with a +1 whip of venom.
You are poisoned.
There is a stone staircase leading up here.
You feel very sick. The orc hits you with a +0 dagger.
The orc barely misses you.
You climb upwards.
Level annotation: Sigmund You feel very sick.
There is a stone staircase leading down here.
You closely miss the orc. Your grab misses the orc.
You feel sick. The orc hits you with a +0 dagger.
The orc hits you with a +1 whip of venom.
You are lethally poisoned!
You barely miss the orc. Your grab misses the orc.
* * * LOW HITPOINT WARNING * * *
You feel very sick. The orc barely misses you. x2
You barely miss the orc. Your grab misses the orc.
* * * LOW HITPOINT WARNING * * *
You feel sick. The orc misses you.
The orc hits you with a +1 whip of venom.
* * * LOW HITPOINT WARNING * * *
You tentacle-slap the orc but do no damage.
You grab the orc.
You constrict the orc, but do no damage.
* * * LOW HITPOINT WARNING * * *
You feel sick. The orc hits you with a +0 dagger.
You die...
Your body crumbles into a pile of gold.

###.............#.....##########
....#####.#######..............#
##### #.# #.....########.# #.#
#....## #.# #.# #.#### #.# #.#
#.# #.# #.# ##.# #.# #####.#
##..############.# #..>..#
#o@o..........##.## #.#####
##....#######...... #.# #.##.#
####.#. #.# ##### #.##.# #....#.
#.####...# #..#.# #.####.
#........# ##.#.# #.# #. ###
######...# ##.#.#######.## #.
..##### #.#.###.............# #.
#.#...####..#.......#######..#
#.


You could see 2 orcs.

Vanquished Creatures
  Jessica (D:2)
  2 adders (D:2)
  A worm (D:2)
  4 dart slugs
  3 orcs (D:3)
  4 bats
  4 endoplasms
  2 giant cockroaches (D:2)
  2 goblins
  3 hobgoblins (D:1)
  6 jackals
  3 quokkas
  3 ball pythons (D:1)
  8 kobolds
  6 rats
52 creatures vanquished.

Notes
Turn   | Place    | Note
-------+----------+-------------------------------------------
     0 | D:1      | R007833r the Octopode Conjurer began the quest for the Orb.
     0 | D:1      | Reached XP level 1. HP: 11/11 MP: 3/3
   242 | D:1      | Reached XP level 2. HP: 17/17 MP: 0/5
   886 | D:1      | Reached XP level 3. HP: 11/21 MP: 1/6
  1102 | D:1      | Found a faded altar of an unknown god.
  1109 | D:1      | Prayed at the altar of an unknown god.
  1109 | D:1      | Became a worshipper of Gozag Ym Sagoz the Greedy
  1954 | D:2      | Noticed Sigmund
  2120 | D:2      | Found a bloodstained altar of Trog.
  2345 | D:2      | Noticed Jessica
  2390 | D:2      | Killed Jessica
  2391 | D:2      | Reached XP level 4. HP: 16/27 MP: 2/7
  3924 | D:2      | Slain by an orc

Illustrated notes

Levels and vault maps discovered:
D:1:      nzn_arrival_crosshair, layout_basic,
          hellmonk_ecumenical_altar_pennies_from_heaven
D:2:      layout_loops_ring, basic_altar, uniq_jessica, uniq_sigmund
D:3:      layout_rooms, hellmonk_ghost_happy_afterlife

Skill      XL: |  1  2 |
---------------+-------+-----
Stealth        | 3 |  3.9
Dodging        | |  2.7
Spellcasting   | |  2.6
Conjurations   | |  4.9

Action                   |  1- 3 |  4- 6 || total
-------------------------+-------+-------++-------
Melee: Unarmed           |     9 |    34 ||    43
       Constrict         |     3 |     7 ||    10
       Tentacles         |     2 |     6 ||     8
 Cast: Magic Dart        |    81 |    25 ||   106
Armor: Skin              |     1 |     1 ||     2
Dodge: Dodged            |    10 |    37 ||    47

Table legend: (Time is in decaauts)
 A = Elapsed time spent in this place.
 B = Non-inter-level travel time spent in this place.
 C = Inter-level travel time spent in this place.
 D = Time resting spent in this place.
 E = Time spent auto-exploring this place.
 F = Levels seen in this place.
 G = Mean time per level.
                   A        B        C        D        E       F      G
               +--------+--------+--------+--------+--------+-----+--------+
         Total |   3927 |   3711 |    216 |    535 |   2814 |   3 | 1309.0 |
       Dungeon |   3927 |   3711 |    216 |    535 |   2814 |   3 | 1309.0 |
               +--------+--------+--------+--------+--------+-----+--------+

Top non-repeatable levels by time:
     D:2: 1961 daAuts
     D:1: 1910 daAuts
     D:3: 55 daAuts
